 Dungeon Crawl Stone Soup version 0.29.1-13-g9f3cf754e1 (webtiles) character file.

Game seed: 16463985292508580059

35311 LustLizard the Swashbuckler (level 14, -1/75 (88) HPs)
             Began as a Kobold Brigand on Jan 29, 2023.
             Was a High Priest of Ru.
             Slain by a basilisk (16 damage)
             ... on level 1 of the Lair of Beasts on Feb 3, 2023.
             The game lasted 01:05:48 (25561 turns).

LustLizard the Swashbuckler (Kobold Brigand)       Turns: 25561, Time: 01:05:48

HP:   -1/75 (88)    AC:  7    Str:  9    XL:     14   Next: 17%
MP:   13/14         EV: 17    Int:  9    God:    Ru [*****.]
Gold: 1241          SH: 14    Dex: 30    Spells: 13/13 levels left

rFire   . . .      SeeInvis .   u - +4 dagger of Jofar {flame, rN+ Will+ rCorr Int-4}
rCold   + . .      Faith    .   H - +0 buckler
rNeg    + . .      Spirit   .   i - +0 leather armour {rPois}
rPois   +          Reflect  +   (no helmet)
rElec   .          Harm     .   R - scarf {shadows}
rCorr   +          Rampage  +   v - +2 pair of gloves {hurl}
Will    +....                   X - +0 pair of boots
Stlth   +++++++...              Z - amulet of Zyracam {Reflect Rampage rF+ Dex+4 SH+5}
HPRegen 0.22/turn               E - +6 ring of dexterity
MPRegen 0.14/turn               G - ring of ice

@: slowed, heavily drained, very slow
A: small, no large weapons, nightstalker 3, hated by all, inability to train
armour, no hexes magic, no poison magic, no translocations magic, weak-willed 1,
disrupted magic 1
a: Renounce Religion, Draw Out Power, Power Leap, Apocalypse


You were on level 1 of the Lair of Beasts.
You worshipped Ru.
Ru was extremely pleased with you.
You visited 2 branches of the dungeon, and saw 16 of its levels.
You also visited: Ossuary and Ice Cave.

You collected 1338 gold pieces.
You spent 97 gold pieces at shops.

Inventory:

Hand Weapons
 u - the +4 dagger of Jofar (weapon) {flame, rN+ Will+ rCorr Int-4}
   (You found it on level 2 of the Dungeon)

   It burns those it strikes, dealing additional fire damage.
   Int:       It affects your intelligence (-4).
   rN:        It protects you from negative energy.
   rCorr:     It protects you from acid and corrosion.
   Will:      It increases your willpower.
 A - a +3 short sword of holy wrath
 L - a +4 scimitar of flaming
Missiles
 d - 18 poisoned darts (quivered)
 e - 5 curare-tipped darts
 g - 4 boomerangs
 K - 3 throwing nets
Armour
 a - a +1 cloak
 i - a +0 leather armour of poison resistance (worn)
 v - a +2 pair of gloves of hurling (worn)
 H - a +0 buckler (worn)
 P - +0 steam dragon scales
 R - a scarf of shadows (worn)
 X - a +0 pair of boots (worn)
Jewellery
 j - a ring of fire
 s - a +6 ring of dexterity
 t - a ring of poison resistance
 E - a +6 ring of dexterity (left hand)
 G - a ring of ice (right hand)
 M - a ring of protection from fire
 N - the ring "Turonumo" {MP+9 Int+2 Dex+2}
   (You found it in an ice cave)

   [ring of magical power]

   Int:       It affects your intelligence (+2).
   Dex:       It affects your dexterity (+2).
   MP:        It affects your magic capacity (+9).
 Q - a +4 ring of evasion
 Z - the amulet of Zyracam (around neck) {Reflect Rampage rF+ Dex+4 SH+5}
   (You found it in an ice cave)

   [amulet of reflection]

   It reflects blocked missile attacks.
   Dex:       It affects your dexterity (+4).
   rF:        It protects you from fire.
   SH:        It affects your SH (+5).
   Rampage:   It bestows one free step when moving towards enemies.
Wands
 B - a wand of roots (12)
 U - a wand of flame (6)
 Y - a wand of polymorph (6)
Scrolls
 b - a scroll of summoning
 l - 4 scrolls of teleportation
 m - 3 scrolls of enchant weapon
 n - a scroll of blinking {unknown}
 o - 2 scrolls of butterflies {unknown}
 p - 2 scrolls of noise
 w - a scroll of silence {unknown}
 y - 2 scrolls of magic mapping {unknown}
 z - 2 scrolls of enchant armour {unknown}
 J - 3 scrolls of torment
 O - a scroll of brand weapon {unknown}
 S - 2 scrolls of immolation {unknown}
 V - 2 scrolls of vulnerability
 W - a scroll of poison {unknown}
Potions
 c - a potion of flight
 f - 2 potions of magic
 h - a potion of ambrosia
 k - 3 potions of brilliance
 q - 4 potions of lignification
 x - 2 potions of might
 C - 6 potions of attraction
 D - 3 potions of haste
 F - 5 potions of curing
 I - 2 potions of mutation
 T - a potion of berserk rage


   Skills:
 * Level 10.1 Fighting
 - Level 17.7 Short Blades
 - Level 4.0 Throwing
 - Level 4.0 Dodging
 + Level 13.3 Stealth
 - Level 6.0 Shields
 * Level 13.8 Evocations


You had 13 spell levels left.
You didn't know any spells.
Your spell library contained the following spells:

 Spells                   Type           Power      Damage    Failure   Level
 Freeze                   Ice            0%         1d3       71%         1
 Passwall                 Tmut/Erth      0%         N/A       83%         2
 Frozen Ramparts          Ice            0%         1d1       96%         3
 Swiftness                Air            0%         N/A       96%         3
 Airstrike                Air            0%         2d(0-16)  100%        4
 Hailstorm                Conj/Ice       0%         3d3       100%        4
 Ice Form                 Ice/Tmut       0%         N/A       100%        4
 Blade Hands              Tmut           0%         N/A       100%        5
 Freezing Cloud           Conj/Ice/Air   0%         6-21      100%        5
 Lightning Bolt           Conj/Air       0%         1d11      100%        5
 Conjure Ball Lightning   Conj/Air       0%         3x3d6     100%        6
 Ensorcelled Hibernation  Hex/Ice        Unusable   N/A       N/A         2
 Inner Flame              Hex/Fire       Unusable   N/A       N/A         3
 Mephitic Cloud           Conj/Pois/Air  Unusable   N/A       N/A         3
 Portal Projectile        Hex/Tloc       Unusable   N/A       N/A         3
 Tukima's Dance           Hex            Unusable   N/A       N/A         3
 Cause Fear               Hex            Unusable   N/A       N/A         4
 Summon Lightning Spire   Summ/Air       Unusable   N/A       N/A         4
 Simulacrum               Ice/Necr       Unusable   N/A       N/A         6
 Discord                  Hex            Unusable   N/A       N/A         8

Dungeon Overview and Level Annotations

Branches:
Dungeon (14/15)            Temple (0/1) D:7            Lair (2/5) D:8
    Orc (0/2) D:11        Ossuary (visited)           IceCv (visited)
  Swamp: Lair:2-3    Shoals: Lair:2-3     Snake: Lair:2-3    Spider: Lair:2-3
 Vaults: D:13-14

Altars:
Elyvilon
Gozag
Kikubaaqudgha
Makhleb
Nemelex Xobeh
Ru
Sif Muna
Uskayaw
Xom

Shops:
D:1 *

Annotations:
D:8 3 runed translucent doors, BigMalone's ghost, novice MiBe
D:10 exclusion: door, Urug
D:14 3 runed translucent doors, exclusion: manticore, Rupert


Innate Abilities, Weirdness & Mutations

You are small and have problems with some larger weapons.
You are completely attuned to the shadows.
You are hated by all.
You cannot train Armour skill.
You cannot study or cast Hexes magic.
You cannot study or cast Poison magic.
You cannot study or cast Translocations magic.
You are slightly weak-willed. (Will-)
Your casting is slightly disrupted.


Message History

There is a stone staircase leading down here.
You hit the basilisk. You burn the basilisk.
The basilisk is lightly wounded.
You block the basilisk's attack.
You hit the basilisk but do no damage.
The basilisk is lightly wounded.
The basilisk begins to attack, but is stunned by your conviction!
You puncture the basilisk! You burn the basilisk.
The basilisk is moderately wounded.
The basilisk gazes at you.
You are slowing down.
You feel better.
You feel less exhausted. The basilisk gazes at you.
Your limbs have turned to stone.
The basilisk begins to attack, but is stunned by your conviction!
You have turned to stone.
The basilisk begins to attack, but is stunned by your conviction!
You redirect the basilisk's attack!
The basilisk bites itself!
The basilisk bites you!
* * * LOW HITPOINT WARNING * * *
You focus your inner power and blind the basilisk in retribution!
The basilisk gazes at you.
You easily resist.
The basilisk gazes at you.
You easily resist.
You redirect the basilisk's attack!
The basilisk barely misses you.
The basilisk bites you but does no damage.
The basilisk gazes at you. The basilisk bites you!
* * * LOW HITPOINT WARNING * * *
The basilisk gazes at you.
You easily resist.
You turn to flesh and can move again.
You hit the basilisk but do no damage.
The basilisk is heavily wounded.
The basilisk is no longer blind.
The basilisk bites you!
You die...

# ## .### #### ###
...## ##..## ##.#
##..##
###....###..#
##..###...........#
##...#.........l.##
##...........@...#
#...............###
#...#...........#.#
##..#............##
##...............#
#................##
##.......)........#
##..............##
#..............#


You could see a basilisk.

Vanquished Creatures
  Kirke (D:14)
  A white draconian (IceCv)
  Azrael (D:14)
  5 boulder beetles
  An ice dragon (D:12)
  3 two-headed ogres
  A centaur warrior (D:14)
  A death yak (Lair:1)
  Pikel (D:5)
  A bog body (Lair:2)
  A wizard (D:14)
  An ugly thing (D:11)
  2 cyclopes
  2 black mambas (Lair:1)
  2 ice statues (IceCv)
  A gargoyle (D:9)
  4 cane toads
  2 unseen horrors
  5 rime drakes
  A komodo dragon (Lair:2)
  4 meliai (Lair:2)
  A troll (D:10)
  A hornet (D:10)
  14 blink frogs
  A wraith (D:10)
  A water elemental (D:14)
  4 wyverns
  31 yaks
  2 hogs (D:14)
  4 steam dragons
  2 fire elementals (D:14)
  3 humans (D:14)
  2 vampire mosquitoes (D:11)
  Edmund (D:5)
  10 water moccasins
  2 hell hounds (D:14)
  Duvessa (D:4)
  2 orc warriors
  2 hornet zombies (Ossuary)
  3 sky beasts
  3 black bears
  An ice beast (D:7)
  7 centaurs
  4 ogres
  11 wolves
  2 lemures (D:4)
  A phantom (D:5)
  A wyvern zombie (Ossuary)
  4 kobold brigands
  9 bullfrogs
  3 necrophages
  6 gnoll sergeants
  4 scorpions
  2 water moccasin zombies (Ossuary)
  8 wights
  Dowan (D:4)
  14 killer bees
  A lindwurm simulacrum (IceCv)
  3 howler monkeys
  5 bullfrog zombies (Ossuary)
  A centaur zombie (Ossuary)
  3 hounds
  6 komodo dragon simulacra (IceCv)
  2 jellies
  A gnoll bouda (D:8)
  8 orc priests
  Natasha (thrice) (D:3)
  An iguana (D:5)
  10 orc wizards
  14 mummies
  A howler monkey zombie (Ossuary)
  7 acid dragon simulacra (IceCv)
  6 adders
  29 gnolls
  A shadow imp (D:6)
  2 white imps (D:6)
  3 ufetubi
  6 steam dragon simulacra (IceCv)
  A worm (D:4)
  2 dart slugs (D:2)
  32 orcs
  11 endoplasms
  3 giant cockroaches
  7 goblins
  5 hobgoblins
  4 jackals (D:4)
  2 quokkas (D:4)
  12 ball pythons
  6 bats
  3 frilled lizards
  25 kobolds
  4 rats
439 creatures vanquished.

Vanquished Creatures (others)
  A polar bear (D:12)
  A steam dragon simulacrum (IceCv)
  6 demonic plants (D:2)
  24 fungi
  41 plants
  18 withered plants
91 creatures vanquished.

Grand Total: 530 creatures vanquished

Notes
Turn   | Place    | Note
-------+----------+-------------------------------------------
     0 | D:1      | LustLizard the Kobold Brigand began the quest for the Orb.
     0 | D:1      | Reached XP level 1. HP: 12/12 MP: 1/1
   166 | D:1      | Reached skill level 3 in Short Blades
   277 | D:1      | Found Ditwy's Assorted Antiques.
   279 | D:1      | Reached XP level 2. HP: 18/18 MP: 2/2
   284 | D:1      | Bought a viscous white potion for 22 gold pieces
   668 | D:2      | Identified the +4 dagger of Jofar {flame, rN+ Will+ rCorr
                  | Int-4}
   838 | D:2      | Reached XP level 3. HP: 19/22 MP: 3/3
   888 | D:2      | Noticed a necrophage
  1028 | D:2      | Found a faded altar of an unknown god.
  1325 | D:2      | Reached XP level 4. HP: 27/27 MP: 4/4
  1462 | D:2      | Reached skill level 4 in Short Blades
  1718 | D:2      | Killed a necrophage
  1719 | D:2      | Reached XP level 5. HP: 22/32 MP: 5/5
  1917 | D:1      | Bought a scroll labelled HEBBAPN UGRU for 25 gold pieces
  1917 | D:1      | Bought a scroll labelled QADOHE NEUTUT for 25 gold pieces
  1917 | D:1      | Bought a scroll labelled QADOHE NEUTUT for 25 gold pieces
  2004 | D:3      | Noticed Natasha
  2006 | D:3      | Killed Natasha
  2077 | D:3      | Reached skill level 5 in Short Blades
  2375 | D:3      | Noticed Natasha
  2382 | D:3      | Killed Natasha
  2576 | D:3      | Noticed Natasha
  2588 | D:3      | Killed Natasha
  2589 | D:3      | Reached XP level 6. HP: 30/37 MP: 6/6
  3683 | D:4      | Noticed Duvessa
  3707 | D:4      | Noticed Dowan
  3906 | D:5      | Entered Level 5 of the Dungeon
  4636 | D:5      | Noticed an ogre
  4638 | D:5      | Killed an ogre
  4639 | D:5      | Reached skill level 6 in Short Blades
  4639 | D:5      | Reached XP level 7. HP: 43/43 MP: 7/7
  4786 | D:5      | Noticed Edmund
  4894 | D:5      | Found a burning altar of Makhleb.
  5014 | D:5      | Reached skill level 7 in Short Blades
  5120 | D:5      | Found a blossoming altar of Fedhas.
  5127 | D:5      | Found a sacrificial altar of Ru.
  5127 | D:5      | Found an opulent altar of Gozag.
  5230 | D:5      | Became a worshipper of Ru the Awakened
  5280 | D:5      | Noticed Pikel
  5301 | D:5      | Killed Pikel
  5302 | D:5      | Reached skill level 10 in Short Blades
  5302 | D:5      | Reached XP level 8. HP: 48/48 MP: 8/8
  5911 | D:4      | Killed Dowan
  5994 | D:5      | Reached skill level 11 in Short Blades
  6037 | D:5      | Killed Edmund
  6191 | D:5      | Found a sparkling altar of Nemelex Xobeh.
  6201 | D:5      | Reached XP level 9. HP: 52/52 MP: 9/9
  6278 | D:4      | Killed Duvessa
  6279 | D:4      | Reached skill level 12 in Short Blades
  8474 | D:6      | Reached skill level 13 in Short Blades
  8474 | D:6      | Reached skill level 1 in Shields
  9020 | D:6      | Gained mutation: You are slightly weak-willed. (Will-) [Ru
                  | sacrifice]
  9020 | D:6      | Reached * piety under Ru
  9163 | D:7      | HP: 2/52 [orc/+0 flail (6)]
  9497 | D:7      | Reached skill level 14 in Short Blades
  9641 | D:7      | Reached XP level 10. HP: 56/56 MP: 10/10
  9956 | D:7      | Found a staircase to the Ecumenical Temple.
  9992 | D:7      | Found a shimmering altar of Xom.
 10389 | D:7      | Reached skill level 15 in Short Blades
 10627 | D:7      | Found a shimmering blue altar of Sif Muna.
 10834 | D:8      | Found a runed translucent gate.
 10845 | D:8      | Found a runed translucent gate.
 10846 | D:8      | Found a runed translucent gate.
 10952 | D:8      | Found a sand-covered staircase.
 10999 | Ossuary  | Entered an ossuary
 11698 | Ossuary  | Reached skill level 16 in Short Blades
 12134 | D:8      | Found a white marble altar of Elyvilon.
 12281 | D:8      | Gained mutation: You cannot train Armour skill. [Ru
                  | sacrifice]
 12281 | D:8      | Reached ** piety under Ru
 12281 | D:8      | Reached *** piety under Ru
 12902 | D:8      | Reached XP level 11. HP: 61/61 MP: 11/11
 13004 | D:8      | Reached skill level 5 in Shields
 13108 | D:8      | Found a staircase to the Lair.
 13231 | D:8      | Found a basalt altar of Yredelemnul.
 13348 | D:8      | Noticed BigMalone's ghost (novice MiBe)
 13545 | D:9      | Found a hide-covered altar of Uskayaw.
 13997 | D:9      | Reached skill level 17 in Short Blades
 15325 | D:9      | Found a hazy altar of Hepliaklqana.
 15427 | D:10     | Entered Level 10 of the Dungeon
 15707 | D:10     | Reached skill level 1 in Evocations
 15946 | D:10     | Noticed a two-headed ogre
 15948 | D:10     | Killed a two-headed ogre
 16019 | D:10     | Gained mutation: You are hated by all. [Ru sacrifice]
 16019 | D:10     | Reached **** piety under Ru
 16596 | D:10     | Reached skill level 5 in Fighting
 16855 | D:10     | Noticed a four-headed hydra
 16956 | D:10     | Noticed a two-headed ogre
 16960 | D:10     | Killed a two-headed ogre
 16961 | D:10     | Reached skill level 5 in Evocations
 17009 | D:11     | Noticed a purple ugly thing
 17281 | D:10     | Noticed Urug
 17434 | D:11     | Noticed a boulder beetle
 17446 | D:11     | Killed a boulder beetle
 17447 | D:11     | Reached XP level 12. HP: 68/68 MP: 12/12
 17560 | D:11     | Noticed a boulder beetle
 17572 | D:11     | Killed a boulder beetle
 17689 | D:11     | Noticed a boulder beetle
 18470 | D:11     | Killed a boulder beetle
 18593 | D:11     | Got the Exposition on the Wind
 19013 | D:11     | You fall into a shaft and drop 3 floors!
 19020 | D:14     | Noticed Rupert
 19030 | D:14     | Noticed a boulder beetle
 19048 | D:14     | Killed a boulder beetle
 19113 | D:14     | Noticed a two-headed ogre
 19141 | D:14     | Killed a two-headed ogre
 19461 | D:14     | Reached skill level 10 in Stealth
 19464 | D:13     | Noticed a two-headed ogre
 19543 | D:14     | Found a runed translucent gate.
 19544 | D:14     | Found a runed translucent gate.
 19544 | D:14     | Found an ancient bone altar of Kikubaaqudgha.
 19544 | D:14     | Noticed a lich
 19556 | D:14     | Noticed Azrael
 19566 | D:14     | Killed Azrael
 19612 | D:14     | Found a runed translucent gate.
 19703 | D:14     | Noticed Kirke
 19705 | D:14     | Killed Kirke
 19706 | D:14     | Reached skill level 10 in Evocations
 19706 | D:14     | Reached XP level 13. HP: 78/78 MP: 13/13
 19713 | D:14     | Noticed a centaur warrior
 19738 | D:14     | Killed a centaur warrior
 19802 | D:14     | HP: 2/78 [+3 long sword (11)]
 19805 | D:14     | Noticed a centaur warrior
 20685 | D:12     | Found a frozen archway.
 20685 | D:12     | Noticed an ice dragon
 20708 | D:12     | Killed an ice dragon
 20872 | IceCv    | Entered an ice cave
 20918 | IceCv    | Gained mutation: Your casting is slightly disrupted. [Ru
                  | sacrifice]
 20918 | IceCv    | Reached ***** piety under Ru
 21289 | IceCv    | Identified the ring "Turonumo" {MP+9 Int+2 Dex+2}
 21455 | IceCv    | Noticed a white draconian
 21515 | IceCv    | Killed a white draconian
 21903 | IceCv    | Identified the amulet of Zyracam {Reflect Rampage rF+ Dex+4
                  | SH+5}
 22193 | D:11     | Found a staircase to the Orcish Mines.
 22744 | Lair:1   | Entered Level 1 of the Lair of Beasts
 23422 | Lair:1   | Noticed a boulder beetle
 23439 | Lair:1   | Killed a boulder beetle
 24838 | Lair:1   | Gained mutation: You cannot study or cast Poison magic. [Ru
                  | sacrifice]
 24838 | Lair:1   | Gained mutation: You cannot study or cast Hexes magic. [Ru
                  | sacrifice]
 24838 | Lair:1   | Gained mutation: You cannot study or cast Translocations
                  | magic. [Ru sacrifice]
 25241 | Lair:2   | Reached XP level 14. HP: 35/80 MP: 5/14
 25514 | Lair:2   | Reached skill level 10 in Fighting
 25561 | Lair:1   | Slain by a basilisk

Illustrated notes

Levels and vault maps discovered:
D:1:      matt_arrival_refuge, layout_rooms, serial_shops, shop,
          hangedman_decor_peaks_small, grunt_decor_mini_mirrors
D:2:      layout_loops_ring, shapermc_ecumenical_altar_gd, serial_bayou,
          serial_bayou_shore_a, serial_bayou_pond_d, serial_bayou_crossing,
          serial_bayou_pond_a
D:3:      layout_loops_ring, dreamdust_mushroom_princess,
          hangedman_feature_mirror, uniq_natasha
D:4:      layout_basic, palyth_stone_intersect, uniq_duvessa
D:5:      layout_basic, nemelex_dance_club_becter, lemuel_tele_altar,
          minitemple, uniq_edmund, uniq_pikel
D:6:      layout_cave_pools
D:7:      layout_loops_corners, nicolae_overflow_hidden_temple,
          xom_teletrap_fun, temple_statues
D:8:      layout_basic, kennysheep_ying_yang, grunt_lair_entry_orc_guard_hut,
          gup_ossuary_entry_pyramid, gammafunk_ghost_ooze
D:9:      layout_stronghold, worldfamousw_hep_ancestral_shrine,
          eat_drink_and_be_merry_uskayaw, minmay_starry_boxes
D:10:     nzn_winding_woodlands_medium [nzn_winding_woodlands_5x5_three,
          nzn_winding_woodlands_5x15_garden, nzn_winding_woodlands_5x5_cross,
          nzn_winding_woodlands_5x5_open_star,
          nzn_winding_woodlands_center_lodge, nzn_winding_woodlands_hourglass,
          nzn_winding_woodlands_5x5_default,
          nzn_winding_woodlands_5x15_split_checker,
          nzn_winding_woodlands_5x5_checkerboard], layout_loops_ring,
          kennysheep_windowed_goal, uniq_urug
D:11:     layout_basic, minmay_orc_entry_temple_small
D:12:     layout_basic, portal_ice_cave_entry_animals_and_master, uniq_lodul
D:13:     layout_cave_pools
D:14:     layout_loops_ring, erik_vaults_1, minivault_14, gammafunk_ghost_crypt,
          uniq_rupert, uniq_kirke, uniq_azrael
Lair:1:   layout_cave_pods, nzn_sisyphean_effort, grunt_megastairs_2,
          serial_bayou_shore_b
Lair:2:   regret_index_combs_of_tragedy, layout_hall_layers,
          skrybe_swamp_entry_bodies

Skill      XL: |  1  2  3  4  5  6  7  8  9 10 11 12 13 14 |
---------------+-------------------------------------------+-----
Short Blades   | 3 4 5 6 10 11 14 16 17 | 17.7
Dodging        | 2 3 4 |  4.0
Fighting       | 3 4 5 7 9 10 | 10.1
Throwing       | 3 4 |  4.0
Stealth        | 6 8 10 13 | 13.3
Shields        | 2 4 6 |  6.0
Evocations     | 6 10 13 | 13.8

Action                   |  1- 3 |  4- 6 |  7- 9 | 10-12 | 13-15 || total
-------------------------+-------+-------+-------+-------+-------++-------
Melee: Dagger            |    65 |   181 |   290 |   797 |   532 ||  1865
       Punch             |       |     3 |     6 |       |       ||     9
       Short sword       |       |       |       |    16 |       ||    16
Throw: Stone             |       |     2 |     5 |       |       ||     7
       Dart              |       |     4 |    22 |   117 |     6 ||   149
       Throwing net      |       |       |     1 |       |       ||     1
       Boomerang         |       |       |    10 |    12 |       ||    22
Invok: Sacrifice Essence |       |       |     1 |       |     1 ||     2
       Sacrifice Durabil |       |       |       |     1 |       ||     1
       Sacrifice Love    |       |       |       |     1 |       ||     1
       Draw Out Power    |       |       |       |     1 |     1 ||     2
       Power Leap        |       |       |       |     1 |       ||     1
       Apocalypse        |       |       |       |       |     6 ||     6
       Sacrifice Arcana  |       |       |       |       |     1 ||     1
  Use: Scroll            |       |     5 |     4 |    10 |     7 ||    26
       Potion            |       |       |     2 |     5 |     4 ||    11
 Stab: Sleeping          |    16 |    13 |    11 |    40 |    18 ||    98
       Distracted        |       |     1 |       |    10 |    20 ||    31
       Invisible         |       |       |       |       |     3 ||     3
       Paralysed         |       |       |       |       |     1 ||     1
Armor: Robe              |     1 |       |       |       |       ||     1
       Leather armour    |     7 |    42 |    20 |    85 |    60 ||   214
Dodge: Dodged            |    27 |   107 |   123 |   211 |   182 ||   650
Block: Buckler           |       |       |     8 |   150 |   178 ||   336
